 Dungeon Crawl Stone Soup version 0.30-a0-341-g682706514a (webtiles) character file.

Game seed: 8951560246969945772

1773 pokeman the Thaumaturge (level 8, -1/45 HPs)
             Began as a Deep Elf Hedge Wizard on Nov 1, 2022.
             Killed from afar by Maggie (3 damage)
             ... with a bolt of fire
             ... on level 6 of the Dungeon.
             The game lasted 00:13:34 (6667 turns).

pokeman the Thaumaturge (Deep Elf Hedge Wizard)     Turns: 6667, Time: 00:13:34

Health: -1/45      AC: 17    Str:  7    XL:     8   Next: 80%
Magic:  17/25      EV: 12    Int: 22    God:
Gold:   349        SH:  0    Dex: 14    Spells: 21/29 levels left

rFire   + . .      SeeInvis .    A - +9 short sword "Dragonbane" {protect, rPois}
rCold   . . .      Faith    .    (no shield)
rNeg    . . .      Spirit   .    y - +0 leather armour {rF+}
rPois   +          Reflect  .    k - +0 helmet
rElec   .          Harm     .    q - +0 cloak
rCorr   +          Rampage  .    l - +0 pair of gloves
Will    .....                    (no boots)
Stlth   ++........               (no amulet)
HPRegen 0.27/turn                C - ring of resist corrosion
MPRegen 0.19/turn                x - +4 ring of protection

@: under a protective aura, on blink cooldown, mesmerised
A: no striking features
a: no special abilities


You were on level 6 of the Dungeon.
You visited 2 branches of the dungeon, and saw 7 of its levels.

You collected 349 gold pieces.

Inventory:

Hand Weapons
 A - the +9 short sword "Dragonbane" (weapon) {protect, rPois}
   (You took it off a kobold on level 4 of the Dungeon)

   It grants its wielder temporary protection when it strikes (+7 to AC).
   rPois:     It protects you from poison.
 D - a +0 shortbow
Armour
 k - a +0 helmet (worn)
 l - a +0 pair of gloves (worn)
 q - a +0 cloak (worn)
 y - a +0 leather armour of fire resistance (worn)
Jewellery
 i - a +6 ring of dexterity
 p - a +6 ring of strength
 x - a +4 ring of protection (right hand)
 z - an amulet of faith
 C - a ring of resist corrosion (left hand)
Scrolls
 b - a scroll of silence {unknown}
 e - 2 scrolls of amnesia {unknown}
 f - a scroll of fog {unknown}
 g - 3 scrolls of teleportation {unknown}
 h - 9 scrolls of identify {unknown}
 j - a scroll of enchant weapon {unknown}
 m - 2 scrolls of enchant armour {unknown}
 r - a scroll of noise {unknown}
 B - a scroll of fear {unknown}
 E - a scroll of vulnerability {unknown}
 F - 3 scrolls of summoning {unknown}
 H - a scroll of blinking {unknown}
Potions
 a - a potion of attraction {unknown}
 c - a potion of heal wounds {unknown}
 d - 2 potions of magic
 n - a potion of invisibility {unknown}
 o - a potion of brilliance {unknown}
 s - 4 potions of curing {unknown}
 t - 2 potions of degeneration {unknown}
 u - 2 potions of resistance
 v - 5 potions of mutation {unknown}
 w - a potion of cancellation {unknown}
 G - a potion of lignification {unknown}


   Skills:
 + Level 2.9 Fighting
 - Level 3.0 Armour
 - Level 3.1 Dodging
 - Level 3.0 Stealth
 * Level 11.1 Spellcasting
 + Level 6.0 Conjurations
 - Level 1.1 Summonings
 - Level 1.1 Translocations
 - Level 1.0 Air Magic
 - Level 1.0 Poison Magic


You had 21 spell levels left.
You knew the following spells:

 Your Spells              Type           Power      Damage    Failure   Level
a - Magic Dart            Conj           100%       1d8       1%          1
b - Mephitic Cloud        Conj/Pois/Air  23%        N/A       8%          3
c - Call Imp              Summ           17%        N/A       8%          2
d - Blink                 Tloc           34%        N/A       8%          2

Your spell library contained the following spells:

 Spells                   Type           Power      Damage    Failure   Level
 Slow                     Hex            48%        N/A       8%          1
 Cigotuvi's Dreadful Rot  Necr/Pois/Air  30%        N/A       9%          2
 Sublimation of Blood     Necr           12%        N/A       12%         2


Dungeon Overview and Level Annotations

Branches:
Dungeon (6/15)             Temple (1/1) D:6

Altars:
Ashenzari
Cheibriados
Dithmenos
Elyvilon
Fedhas
Gozag
Hepliaklqana
Kikubaaqudgha
Makhleb
Qazlal
Ru
Trog
Uskayaw
Wu Jian
Xom

Shops:
D:3 [

Annotations:
D:5 3 runed translucent doors, FizzleBangTC's ghost, amateur MeEE; blackman's ghost, amateur HuDe
D:6 Maggie


Message History

Unknown command.
You hit Maggie.
Maggie is severely wounded.
Maggie casts a spell.
Maggie draws you further into her thrall.
Maggie blocks your crimson imp's attack.
Unknown command.
You puncture Maggie!
Maggie is almost dead.
Maggie hits you but does no damage.
Your crimson imp hits Maggie but does no damage.
Unknown command.
You hit Maggie but do no damage.
Maggie is almost dead.
Maggie casts a spell at you. The bolt of fire hits you! You resist.
* * * LOW HITPOINT WARNING * * *
Your crimson imp hits Maggie but does no damage.
Unknown command.
You closely miss Maggie.
Maggie is almost dead.
Maggie closely misses you.
Maggie blocks your crimson imp's attack.
Casting: Blink (safe; 8% risk of failure)
Confirm with . or Enter, or press ? or * to list all spells.
You blink.
Maggie gestures wildly while chanting.
Maggie draws you further into her thrall.
Your crimson imp blinks!
Unknown command.
Casting: Blink (safe; 8% risk of failure)
Confirm with . or Enter, or press ? or * to list all spells.
Aiming: Magic Dart (safe; 1% risk of failure)
Press: ? - help, Shift-Dir - straight line, f - Maggie
Aim: Maggie, wielding a +0 morningstar of flaming, wearing +0 swamp dragon scales and wearing a +2 buckler (almost dead, mesmerising, not watching you, ally target, 100% to hit)
The magic dart hits Maggie!
Maggie is almost dead.
Maggie casts a spell at you. The bolt of fire hits you. You resist.
You die...

#.# ##......## ..## #........#
### #[.## #........# ..### #...#
#.......## ....### #5⌠.#
#.......# ......######...####
#........ .......##.........#
##.........
........#.⌠..§..⌠.###..##...P♣♣♣
......)....).@..@..##..###..P♣
.........###...###.....# #...♣
.........# #.⌠.# ##...## #....
........## #...# #@..#
....###......### ##..# .####
######## #..# ### ##.# .♣ ..####
#.#####..♣ #....#### #.#......P


You could see Maggie (mesmerising, ally target) and a friendly crimson imp
(summoned).

Vanquished Creatures
  Grinder (D:6)
  A steam dragon (D:6)
  An acid dragon (D:5)
  Edmund (D:4)
  A black bear (D:5)
  A centaur (D:5)
  A bullfrog (D:6)
  3 necrophages
  A scorpion (D:6)
  4 wights (D:6)
  A gnoll bouda (D:6)
  A hound (D:6)
  3 iguanas (D:5)
  2 orc priests (D:4)
  Jessica (D:3)
  Terence (D:2)
  An orc wizard (D:4)
  9 adders
  7 gnolls
  A shadow imp (D:5)
  2 ufetubi
  2 worms (D:2)
  3 dart slugs
  7 orcs
  6 ball pythons
  6 endoplasms
  6 giant cockroaches
  6 goblins
  7 hobgoblins
  4 jackals (D:2)
  5 kobolds
  5 quokkas
  4 bats
  3 frilled lizards
  7 rats
115 creatures vanquished.

Vanquished Creatures (others)
  50 plants (D:6)
50 creatures vanquished.

Grand Total: 165 creatures vanquished

Notes
Turn   | Place    | Note
-------+----------+-------------------------------------------
     0 | D:1      | pokeman the Deep Elf Hedge Wizard began the quest for the
                  | Orb.
     0 | D:1      | Reached XP level 1. HP: 10/10 MP: 7/7
   298 | D:1      | Reached XP level 2. HP: 15/15 MP: 6/9
   776 | D:1      | Reached skill level 5 in Spellcasting
   960 | D:1      | Reached XP level 3. HP: 20/20 MP: 4/11
   964 | D:1      | Learned a level 3 spell: Mephitic Cloud
   967 | D:1      | Learned a level 2 spell: Call Imp
   970 | D:1      | Learned a level 2 spell: Blink
  1235 | D:2      | Noticed Terence
  1389 | D:2      | Killed Terence
  1390 | D:2      | Reached skill level 1 in Fighting
  1390 | D:2      | Reached skill level 1 in Armour
  1390 | D:2      | Reached XP level 4. HP: 19/25 MP: 7/13
  2077 | D:2      | Identified the +9 hand axe "Okeoryff" {freeze, Int+2}
  2420 | D:3      | Found a snail-covered altar of Cheibriados.
  2703 | D:3      | Found a faded altar of an unknown god.
  2711 | D:3      | Found Gaghun's Armour Emporium.
  2838 | D:3      | Noticed Jessica
  2844 | D:3      | Reached skill level 6 in Spellcasting
  2846 | D:3      | Killed Jessica
  2847 | D:3      | Reached XP level 5. HP: 29/29 MP: 7/15
  2853 | D:3      | Got Jessica's Incunabulum of Unholy Mysteries
  3148 | D:4      | Reached skill level 1 in Poison Magic
  3222 | D:4      | Noticed Edmund
  3258 | D:4      | Killed Edmund
  3259 | D:4      | Reached skill level 1 in Air Magic
  3259 | D:4      | Reached XP level 6. HP: 34/34 MP: 5/17
  3267 | D:4      | Reached skill level 7 in Spellcasting
  3746 | D:4      | Identified the +9 short sword "Dragonbane" {protect, rPois}
  4371 | D:5      | Entered Level 5 of the Dungeon
  4449 | D:5      | Reached XP level 7. HP: 37/40 MP: 11/20
  4517 | D:5      | Found a runed translucent gate.
  4518 | D:5      | Found a runed translucent gate.
  4519 | D:5      | Found a runed translucent gate.
  4528 | D:5      | Noticed blackman's ghost (amateur HuDe)
  4528 | D:5      | Noticed FizzleBangTC's ghost (amateur MeEE)
  4633 | D:5      | Reached skill level 8 in Spellcasting
  4732 | D:5      | Found a burning altar of Makhleb.
  4751 | D:5      | Found a broken altar of Ashenzari.
  5293 | D:5      | Reached skill level 9 in Spellcasting
  5540 | D:6      | Reached XP level 8. HP: 43/44 MP: 14/23
  5577 | D:6      | Reached skill level 5 in Conjurations
  5705 | D:6      | Noticed Maggie
  5750 | D:6      | Noticed Grinder
  5762 | D:6      | Killed Grinder
  5763 | D:6      | Reached skill level 10 in Spellcasting
  6325 | D:6      | Found a staircase to the Ecumenical Temple.
  6334 | Temple   | Entered the Ecumenical Temple
  6495 | D:6      | Reached skill level 11 in Spellcasting
  6664 | D:6      | HP: 1/45 [Maggie/bolt of fire (13)]
  6667 | D:6      | Killed from afar by Maggie

Illustrated notes

Levels and vault maps discovered:
D:1:      lightli_arrival_statue_moat, layout_loops_cross
D:2:      layout_loops_ring, kennysheep_small_spiral,
          nicolae_figureground_sparkle, uniq_terence
D:3:      layout_rooms, overflow_temple_1_default, serial_shops,
          nicolae_shop_advertising_works [nicolae_subvault_shop_adworks],
          hellmonk_ecumenical_altar_pennies_from_heaven,
          kennysheep_jessica_study
D:4:      layout_basic, supply_closet_lemuel, uniq_edmund
D:5:      layout_loops_ring, nicolae_overflow_crystal_walls,
          mainiacjoe_overflow_boulevard, gammafunk_ghost_cemetery
D:6:      layout_cave_pods, minmay_temple_entry_junction, kennysheep_boxes,
          uniq_prince_ribbit1, uniq_grinder, uniq_maggie
Temple:   hellmonk_temple_flake

Skill      XL: |  1  2  3  4  5  6  7  8 |
---------------+-------------------------+-----
Spellcasting   | 5 6 7 9 11 | 11.1
Fighting       | 1 2 |  2.9
Armour         | 1 2 3 |  3.0
Conjurations   | 2 3 4 6 |  6.0
Stealth        | 3 |  3.0
Dodging        | 3 |  3.1
Poison Magic   | 1 |  1.0
Air Magic      | 1 |  1.0
Summonings     | |  1.1
Translocations | |  1.1

Action                   |  1- 3 |  4- 6 |  7- 9 || total
-------------------------+-------+-------+-------++-------
Melee: Dagger            |    22 |     5 |       ||    27
       Short sword       |       |     9 |    76 ||    85
       Dire flail        |       |     5 |       ||     5
       Punch             |       |       |     2 ||     2
 Cast: Magic Dart        |    77 |   135 |    96 ||   308
       Mephitic Cloud    |     1 |     4 |    11 ||    16
       Call Imp          |       |     4 |     5 ||     9
       Blink             |       |       |     3 ||     3
 Stab: Confused          |     2 |     5 |     7 ||    14
Armor: Robe              |    13 |     2 |       ||    15
       Leather armour    |       |    12 |    36 ||    48
Dodge: Dodged            |    38 |    28 |    66 ||   132

Table legend: (Time is in decaauts)
 A = Elapsed time spent in this place.
 B = Non-inter-level travel time spent in this place.
 C = Inter-level travel time spent in this place.
 D = Time resting spent in this place.
 E = Time spent auto-exploring this place.
 F = Levels seen in this place.
 G = Mean time per level.
                   A        B        C        D        E       F      G
               +--------+--------+--------+--------+--------+-----+--------+
         Total |   6671 |   6486 |    185 |      4 |   5467 |   7 |  953.0 |
       Dungeon |   6521 |   6345 |    176 |      4 |   5340 |   6 | 1086.8 |
        Temple |    149 |    140 |      9 |      0 |    127 |   1 |  149.0 |
               +--------+--------+--------+--------+--------+-----+--------+

Top non-repeatable levels by time:
     D:4: 1358 daAuts
     D:2: 1255 daAuts
     D:1: 1096 daAuts
     D:5: 1081 daAuts
     D:6: 1063 daAuts
     D:3: 667 daAuts
  Temple: 149 daAuts
